 Dungeon Crawl Stone Soup version 0.29-a0-551-gffc1d7fb78 (webtiles) character file.

Game seed: 13649137666191614333

44 shadowstone the Shield-Bearer (level 3, 0/23 HPs)
             Began as a Gargoyle Fighter on June 5, 2022.
             Slain by a gnoll
             ... wielding a +0 club
              (2 damage)
             ... on level 3 of the Dungeon.
             The game lasted 00:04:32 (1185 turns).

shadowstone the Shield-Bearer (Gargoyle Fighter)    Turns: 1185, Time: 00:04:33

Health: 0/23       AC: 10    Str: 21    XL:     3   Next: 62%
Magic:  3/3        EV:  9    Int:  8    God:
Gold:   32         SH:  4    Dex:  9    Spells: 2/2 levels left

rFire   . . .      SeeInvis .   l - +0 short sword (elec)
rCold   . . .      Faith    .   c - +0 buckler
rNeg    + . .      Spirit   .   b - +0 scale mail
rPois   ∞          Reflect  .   (no helmet)
rElec   +          Harm     .   h - scarf {shadows}
rCorr   .          Rampage  .   (no gloves)
Will    .....                   (no boots)
Stlth   ..........              (no amulet)
HPRegen 0.07/turn               (no ring)
MPRegen 0.08/turn               (no ring)

@: weak-willed
A: sickness immunity, AC +3, negative energy resistance 1, electricity
resistance, torment resistance 1, petrification resistance
a: no special abilities


You were on level 3 of the Dungeon.
You visited 1 branch of the dungeon, and saw 3 of its levels.

You collected 32 gold pieces.

Inventory:

Hand Weapons
 a - a +0 long sword
 l - a +0 short sword of electrocution (weapon)
Armour
 b - a +0 scale mail (worn)
 c - a +0 buckler (worn)
 h - a scarf of shadows (worn)
Magical Staves
 f - a staff of death
Scrolls
 g - 2 scrolls of summoning {unknown}
 j - a scroll of magic mapping {unknown}
 k - a scroll of identify {unknown}
 m - a scroll of fear {unknown}
 n - a scroll of enchant armour {unknown}
Potions
 d - a potion of might
 i - a potion of curing {unknown}


   Skills:
 + Level 3.4 Fighting
 + Level 2.1 Long Blades
 + Level 0.7 Staves
 + Level 3.7 Armour
 + Level 0.6 Dodging
 + Level 3.8 Shields


You had 2 spell levels left.
You didn't know any spells.
Your spell library contained the following spells:

 Spells                   Type           Power      Damage    Failure   Level
 Summon Small Mammal      Summ           0%         N/A       83%         1
 Call Canine Familiar     Summ           0%         N/A       99%         3
 Inner Flame              Hex/Fire       0%         N/A       99%         3
 Summon Guardian Golem    Hex/Summ       0%         N/A       99%         3
 Cause Fear               Hex            0%         N/A       100%        4
 Discord                  Hex            0%         N/A       100%        8


Dungeon Overview and Level Annotations

Branches:
Dungeon (3/15)

Altars:


Innate Abilities, Weirdness & Mutations

You are immune to sickness and miasma.
Your stone body is resilient. (AC +3)
You are immune to poison.
You resist negative energy. (rN+)
You are resistant to electric shocks. (rElec)
You are resistant to unholy torment.
You are immune to petrification.


Message History

A gnoll comes into view. It is wielding a +0 club.
A goblin comes into view. It is wielding a +0 club.
The gnoll shouts!
You hear an angry hiss.
You hear a shout! x3
You hear a shout!
A gnoll comes into view. It is wielding a +0 club.
A gnoll comes into view. It is wielding a +0 halberd.
The gnoll shouts!
The gnoll hits you but does no damage.
A gnoll comes into view. It is wielding a +0 spear.
The gnoll shouts!
You hear an angry hiss.
The gnoll moves out of view.
A ball python comes into view.
The ball python hisses angrily.
A gnoll comes into view. It is wielding a +0 club.
You block the goblin's attack.
You hit the ball python.
You kill the ball python!
The goblin hits you with a +0 club. The gnoll hits you but does no damage.
You see here a ball python corpse.
The goblin closely misses you. The goblin attacks as you move away!
The goblin hits you with a +0 club. The gnoll hits you but does no damage.
The gnoll closely misses you. The gnoll attacks as you move away!
The gnoll barely misses you. The gnoll attacks as you move away!
The gnoll barely misses you. The gnoll attacks as you move away!
The gnoll hits you with a +0 club. The gnoll attacks as you move away!
The gnoll hits you with a +0 club. The gnoll attacks as you move away!
The gnoll barely misses you. The gnoll attacks as you move away!
The gnoll hits you with a +0 club.
* * * LOW HITPOINT WARNING * * *
The gnoll attacks as you move away! The gnoll hits you with a +0 club.
* * * LOW HITPOINT WARNING * * *
As you read the scroll labelled UDGHOHU PUMYIM, it crumbles to dust.
Magic quickly surges around you.
It was a scroll of vulnerability.
The gnoll hits you but does no damage. The goblin attacks as you move away!
The goblin barely misses you. The gnoll hits you but does no damage.
The gnoll attacks as you move away! The gnoll hits you with a +0 club.
You die...

#..###..# #.#
#..#####
.#..###g...... .#
#.....####. #.
#.#...# .###...g.# #
#...###l## #.#
#.#.###g.#
#...###...##@g.#
.............#..#
###.##.#.###.#..#
#.##..## ##...#
#.##...###....#
#.##..#...#...#
#.##.#.......... #
###.##.#..#.#...#.
##.##.#......#.##...#


You could see 3 gnolls, a goblin (weak-willed) and a frilled lizard
(weak-willed).

Vanquished Creatures
  Jessica (D:2)
  2 ball pythons
  2 endoplasms
  2 hobgoblins
  A kobold (D:2)
  2 quokkas (D:1)
  5 bats
  2 frilled lizards (D:1)
  2 rats (D:2)
19 creatures vanquished.

Notes
Turn   | Place    | Note
-------+----------+-------------------------------------------
     0 | D:1      | shadowstone the Gargoyle Fighter began the quest for the
                  | Orb.
     0 | D:1      | Reached XP level 1. HP: 14/14 MP: 1/1
   454 | D:1      | Reached XP level 2. HP: 15/19 MP: 2/2
   727 | D:2      | Noticed Jessica
   745 | D:2      | Killed Jessica
   746 | D:2      | Reached XP level 3. HP: 5/23 MP: 3/3
  1185 | D:3      | Slain by a gnoll

Illustrated notes

Levels and vault maps discovered:
D:1:      amcnicky_arrival_abandoned_market, layout_rooms,
          hellmonk_ecumenical_altar_run_dry, minmay_pentomino_r4
D:2:      layout_loops_ring, uniq_natasha, uniq_jessica
D:3:      layout_loops_ring, minmay_misc_feat_x, minmay_starry_boxes

Skill      XL: |  1 |
---------------+----+-----
Long Blades    | 2 |  2.1
Fighting       | |  3.4
Staves         | |  0.7
Armour         | |  3.7
Dodging        | |  0.6
Shields        | |  3.8

Action                   || total
-------------------------++-------
Melee: Long sword        ||    25
       Staff             ||    43
       Short sword       ||    12
  Use: Scroll            ||     1
Armor: Scale mail        ||   123
Dodge: Dodged            ||   131
Block: Buckler           ||    58

Table legend: (Time is in decaauts)
 A = Elapsed time spent in this place.
 B = Non-inter-level travel time spent in this place.
 C = Inter-level travel time spent in this place.
 D = Time resting spent in this place.
 E = Time spent auto-exploring this place.
 F = Levels seen in this place.
 G = Mean time per level.
                   A        B        C        D        E       F      G
               +--------+--------+--------+--------+--------+-----+--------+
         Total |   1204 |   1202 |      2 |    482 |      0 |   3 |  401.3 |
       Dungeon |   1204 |   1202 |      2 |    482 |      0 |   3 |  401.3 |
               +--------+--------+--------+--------+--------+-----+--------+

Top non-repeatable levels by time:
     D:1: 679 daAuts
     D:2: 369 daAuts
     D:3: 154 daAuts
